 Dungeon Crawl Stone Soup version 0.19-a0-1886-gd64a0f0 (webtiles) character file.

60 Amnesiac the Gusty (level 4, -2/24 HPs)
             Began as a Tengu Air Elementalist on Oct 15, 2016.
             Killed by nerve-wracking pain
             ... invoked by Grinder
              (9 damage)
             ... on level 3 of the Dungeon.
             The game lasted 00:03:24 (877 turns).

Amnesiac the Gusty (Tengu Air Elementalist)          Turns: 877, Time: 00:03:25

Health: -2/24      AC:  2    Str:  8    XL:     4   Next: 4%
Magic:  3/8        EV: 13    Int: 16    God:
Gold:   55         SH:  0    Dex: 15    Spells: 3 memorised, 2 levels left

rFire  . . .     SeeInvis .     (no weapon)
rCold  . . .     Gourm    .     a - +0 robe
rNeg   . . .     Faith    .     (no shield)
rPois  .         Spirit   .     (helmet restricted)
rElec  .         Dismiss  .     (no cloak)
rCorr  .         Reflect  .     (no gloves)
MR     .....     Harm     .     (boots unavailable)
Stlth  ++........               (no amulet)
                                (no ring)
                                (no ring)

@: repel missiles
A: beak, talons 3
a: no special abilities


You were on level 3 of the Dungeon.
You were hungry.

You visited 1 branch of the dungeon, and saw 3 of its levels.

You collected 55 gold pieces.

Inventory:

Armour
 a - a +0 robe (worn)
Scrolls
 g - a scroll of immolation {unknown}
 j - a scroll of magic mapping {unknown}
 k - a scroll of blinking {unknown}
 l - a scroll of remove curse {unknown}
Potions
 d - a potion of haste {unknown}
 e - a potion of might {unknown}
 h - a potion of brilliance {unknown}
 i - a potion of heal wounds {unknown}
Books
 b - a book of Air

   Spells                             Type                      Level
   a - Shock                          Conjuration/Air              1
   b - Swiftness                      Charms/Air                   2
   c - Repel Missiles                 Charms/Air                   2
   d - Static Discharge               Conjuration/Air              3
   e - Lightning Bolt                 Conjuration/Air              5
Comestibles
 c - a bread ration
 f - a meat ration


   Skills:
 - Level 2.1 Dodging
 - Level 2.0 Stealth
 + Level 2.6 Spellcasting
 + Level 2.4 Conjurations
 * Level 5.3 Air Magic


You had 2 spell levels left.
You knew the following spells:

 Your Spells              Type           Power        Failure   Level  Hunger
a - Repel Missiles        Chrm/Air       ##....       12%         2    ##.....
f - Static Discharge      Conj/Air       ##......     12%         3    ###....
z - Shock                 Conj/Air       ##..         4%          1    #......


Dungeon Overview and Level Annotations

Branches:
Dungeon (3/15)

Altars:
Ru

Annotations:
D:3 Grinder


Innate Abilities, Weirdness & Mutations

You have a beak for a mouth.
You have claws for feet.


Message History

Confirm with . or Enter, or press ? or * to list all spells.
Aiming: Shock
Press: ? - help, Shift-Dir - straight line The zap hits Grinder.
Grinder is heavily wounded.
The zap hits Grinder.
Grinder is severely wounded.
Grinder hits you!
* * * LOW HITPOINT WARNING * * *
Casting: Shock
Confirm with . or Enter, or press ? or * to list all spells.
Aiming: Shock
Press: ? - help, Shift-Dir - straight line The zap hits Grinder.
Grinder is severely wounded.
The zap hits Grinder.
Grinder appears unharmed.
Grinder is severely wounded.
Grinder gestures at you. Pain shoots through your body!
You die...

################## ########
...............5.######......##
...#############@.............##
... ########.........(...# ...
#........##..........# ...
...#########..........# ...
#..........# ... #..........#
... ##........## ###........##
#...........#


You could see Grinder.

Vanquished Creatures
  Terence (D:2)
  An adder (D:2)
  2 worms (D:2)
  A dart slug (D:2)
  A leopard gecko (D:1)
  3 bats (D:2)
  A giant cockroach (D:3)
  A hobgoblin (D:1)
  2 jackals (D:2)
  A ball python (D:2)
  2 frilled lizards (D:1)
  2 goblins
  A rat (D:1)
19 creatures vanquished.

Notes
Turn   | Place    | Note
-------+----------+-------------------------------------------
     0 | D:1      | Amnesiac the Tengu Air Elementalist began the quest for the Orb.
     0 | D:1      | Reached XP level 1. HP: 10/10 MP: 4/4
   192 | D:2      | Reached XP level 2. HP: 15/15 MP: 1/6
   243 | D:2      | Learned a level 2 spell: Repel Missiles
   425 | D:2      | Reached XP level 3. HP: 8/19 MP: 1/7
   443 | D:2      | Learned a level 3 spell: Static Discharge
   641 | D:2      | Found a sacrificial altar of Ru.
   657 | D:2      | Noticed Terence
   669 | D:2      | Killed Terence
   669 | D:2      | Reached skill level 5 in Air Magic
   682 | D:2      | Reached XP level 4. HP: 20/24 MP: 2/8
   847 | D:3      | Noticed Grinder
   877 | D:3      | Killed from afar by Grinder

Vault maps used:
D:1:      lemuel_arrival_muddy
D:2:      lemuel_crystal_altar, makhleb_grotto_becter, first_bread,
          minmay_tripent, uniq_terence
D:3:      uniq_grinder, uniq_robin

Skill      XL: |  1  2  3 |
---------------+----------+-----
Conjurations   | 2 |  2.4
Air Magic      | 5 |  5.3
Dodging        | |  2.1
Stealth        | |  2.0
Spellcasting   | |  2.6

Action                   |  1- 3 |  4- 6 || total
-------------------------+-------+-------++-------
Melee: Unarmed           |     1 |       ||     1
       Peck              |     1 |       ||     1
 Cast: Shock             |    39 |    15 ||    54
       Repel Missiles    |     1 |       ||     1
Dodge: Dodged            |     9 |     2 ||    11
